 Dungeon Crawl Stone Soup version 0.29.1-15-g9cfb28693d (webtiles) character file.

Game seed: 7669782086326190900

26 H0rd4k the Charlatan (level 3, 0/26 HPs)
             Began as a Human Artificer on May 2, 2023.
             Constricted to death by a ball python (1 damage)
             ... on level 1 of the Dungeon.
             The game lasted 00:00:52 (1543 turns).

H0rd4k the Charlatan (Human Artificer)              Turns: 1543, Time: 00:00:53

Health: 0/26       AC:  3    Str: 12    XL:     3   Next: 22%
Magic:  3/3        EV:  8    Int: 13    God:
Gold:   99         SH:  0    Dex: 13    Spells: 2/2 levels left

rFire   . . .      SeeInvis .   a - +0 club
rCold   . . .      Faith    .   (no shield)
rNeg    . . .      Spirit   .   b - +0 leather armour
rPois   .          Reflect  .   (no helmet)
rElec   .          Harm     .   (no cloak)
rCorr   .          Rampage  .   (no gloves)
Will    .....                   (no boots)
Stlth   +.........              (no amulet)
HPRegen 0.08/turn               (no ring)
MPRegen 0.08/turn               (no ring)

@: constricted
A: no striking features
a: no special abilities


You were on level 1 of the Dungeon.
You visited 1 branch of the dungeon, and saw 1 of its levels.

You collected 99 gold pieces.

Inventory:

Hand Weapons
 a - a +0 club (weapon)
Armour
 b - a +0 leather armour (worn)
Magical Staves
 h - a staff of conjuration
Wands
 c - a wand of flame (13) (quivered)
 d - a wand of charming (13)
 e - a wand of iceblast (5)
Scrolls
 j - a scroll of immolation {unknown}
Potions
 f - a potion of flight {unknown}
 g - a potion of haste {unknown}
 i - a potion of curing {unknown}


   Skills:
 + Level 1.2 Fighting
 + Level 0.6 Maces & Flails
 - Level 2.0 Armour
 + Level 1.4 Dodging
 + Level 1.2 Stealth
 + Level 3.6 Evocations


You had 2 spell levels left.
You didn't know any spells.
Your spell library was empty.

Dungeon Overview and Level Annotations

Branches:
Dungeon (1/15)

Altars:


Message History

The jackal bites you.
You barely miss the jackal.
The jackal is moderately wounded.
The jackal bites you but does no damage.
You hit the jackal.
The jackal is heavily wounded.
The jackal barely misses you.
The jackal bites you but does no damage.
You hit the jackal.
The jackal is severely wounded.
The jackal barely misses you. x2
You hit the jackal but do no damage.
The jackal is severely wounded.
The jackal bites you but does no damage.
The jackal bites you.
* * * LOW HITPOINT WARNING * * *
You hit the jackal but do no damage.
The jackal is severely wounded.
The jackal bites you.
* * * LOW HITPOINT WARNING * * *
The jackal bites you but does no damage.
You closely miss the jackal.
The jackal is severely wounded.
The jackal bites you.
* * * LOW HITPOINT WARNING * * *
You closely miss the jackal.
The jackal is severely wounded.
The jackal barely misses you. The jackal misses you.
You barely miss the jackal.
The jackal is severely wounded.
The jackal closely misses you. The jackal barely misses you.
You closely miss the jackal.
The jackal is severely wounded.
The jackal closely misses you. The jackal barely misses you.
You hit the jackal.
You kill the jackal!
The ball python bites you.
* * * LOW HITPOINT WARNING * * *
The ball python grabs you. The ball python constricts you.
You die...

#8.8# #..÷... #...#
#...... #♣.8#
#...... #...#
#...... #♣.8#
#...... #### #...#
#...... .... #####
#8.8###...... .....
+...#..#...#........
.....
#@#..#8.8#....####
......
##S#..#...#....# #
......##...#
#8.8#....# #
....hS.....#
#...#....# #
#+####!...#
#8.8#....# #
#.##.....!#
#...#....#
#.##......#
#8.♣#+####
#.##.....[# #...#
######.##....###
#8.8# ...


You could see a ball python.

Vanquished Creatures
  A dart slug (D:1)
  2 bats (D:1)
  An endoplasm (D:1)
  2 goblins (D:1)
  A hobgoblin (D:1)
  5 jackals (D:1)
  A quokka (D:1)
  3 ball pythons (D:1)
  2 frilled lizards (D:1)
  3 kobolds (D:1)
21 creatures vanquished.

Vanquished Creatures (others)
  A kobold (D:1)
1 creature vanquished.

Grand Total: 22 creatures vanquished

Notes
Turn   | Place    | Note
-------+----------+-------------------------------------------
     0 | D:1      | H0rd4k the Human Artificer began the quest for the Orb.
     0 | D:1      | Reached XP level 1. HP: 15/15 MP: 1/1
   427 | D:1      | Reached XP level 2. HP: 6/21 MP: 2/2
  1465 | D:1      | Reached XP level 3. HP: 26/26 MP: 3/3
  1543 | D:1      | HP: 1/26 [ball python (2)]
  1543 | D:1      | Constricted to death by a ball python

Illustrated notes

Levels and vault maps discovered:
D:1:      minmay_arrival_four_loops, layout_basic, chequers_avenue

Action                   || total
-------------------------++-------
Melee: Club              ||   132
Evoke: Wand              ||     4
 Stab: Sleeping          ||     3
Armor: Leather armour    ||    61
Dodge: Dodged            ||   105
